 Dungeon Crawl Stone Soup version 0.30-a0-782-ge64f9170bb (webtiles) character file.

Game seed: 7941730695163835695

10640 funkygono the Cleaver (level 11, -4/101 HPs)
             Began as a Minotaur Fighter on Mar 14, 2023.
             Was a Priest of Okawaru.
             Slain by Lodul
             ... wielding a +6 dire flail of protection
              (23 damage)
             ... on level 9 of the Dungeon.
             The game lasted 00:17:17 (10620 turns).

funkygono the Cleaver (Minotaur Fighter)           Turns: 10620, Time: 00:17:18

Health: -4/101     AC: 21    Str: 25    XL:     11   Next: 38%
Magic:  10/10      EV:  8    Int:  5    God:    Okawaru [***...]
Gold:   570        SH:  6    Dex: 10    Spells: 10/10 levels left

rFire   + . .      SeeInvis +    a - +0 war axe
rCold   . . .      Faith    .    c - +0 buckler
rNeg    . . .      Spirit   .    H - +1 plate armour
rPois   .          Reflect  .    (helmet restricted)
rElec   .          Harm     .    r - +1 cloak
rCorr   .          Rampage  .    F - +1 pair of gloves
Will    .....                    (no boots) Stlth
                                 (no amulet)
HPRegen 0.36/turn                f - ring of see invisible
MPRegen 0.12/turn                J - ring of protection from fire

@: studying 2 skills
A: horns 2, retaliatory headbutt
a: Renounce Religion, Heroism


You were on level 9 of the Dungeon.
You worshipped Okawaru.
Okawaru was most pleased with you.
You visited 2 branches of the dungeon, and saw 11 of its levels.
You also visited: Sewer and Bailey.

You collected 570 gold pieces.

Inventory:

Hand Weapons
 a - a +0 war axe (weapon)
 k - a +7 club
 q - a +2 quarterstaff of chaos
 v - the +2 flail of the Scavenger {antimagic, rCorr}
   (You found it on level 6 of the Dungeon)

   rCorr:     It protects you from acid and corrosion.
 Q - the +4 trident "Focvups" {antimagic, Fly rElec rCorr Dex-5}
   (You found it on level 9 of the Dungeon)

   Dex:       It affects your dexterity (-5).
   rElec:     It insulates you from electricity.
   Fly:       It grants you flight.
   rCorr:     It protects you from acid and corrosion.
Missiles
 w - 27 poisoned darts
 D - 8 curare-tipped darts
 K - 6 boomerangs of dispersal
 L - 10 boomerangs (quivered)
Armour
 c - a +0 buckler (worn)
 h - a +0 chain mail
 i - a +1 leather armour of fire resistance
 r - a +1 cloak (worn)
 E - a +3 leather armour
 F - a +1 pair of gloves (worn)
 H - a +1 plate armour (worn)
Jewellery
 f - a ring of see invisible (left hand)
 x - a ring of fire
 J - a ring of protection from fire (right hand)
Wands
 b - a wand of flame (6)
 e - a wand of polymorph (25)
 s - a wand of roots (5)
 G - a wand of acid (9)
 I - a wand of paralysis (1)
Scrolls
 g - 5 scrolls of teleportation
 j - 2 scrolls of fear
 y - a scroll of amnesia
 C - 2 scrolls of blinking
 P - a scroll of magic mapping
Potions
 d - 2 potions of might
 l - 2 potions of magic
 m - a potion of ambrosia
 o - a potion of invisibility
 p - 5 potions of curing
 t - 4 potions of brilliance
 u - 2 potions of attraction
 z - 4 potions of flight
 A - a potion of heal wounds
 B - a potion of haste
 N - a potion of mutation {unknown}


   Skills:
 + Level 10.5 Fighting
 + Level 14.0 Axes
 + Level 0.4 Throwing
 + Level 11.0 Armour
 + Level 3.7 Dodging
 + Level 1.4 Stealth
 + Level 9.1 Shields
 + Level 0.1 Invocations


You had 10 spell levels left.
You didn't know any spells.
Your spell library contained the following spells:

 Spells                   Type           Power      Damage    Failure   Level
 Freeze                   Ice            0%         1d3       99%         1
 Sublimation of Blood     Necr           0%         N/A       100%        2
 Wereblood                Tmut           0%         N/A       100%        2
 Frozen Ramparts          Ice            0%         1d1       100%        3
 Hailstorm                Conj/Ice       0%         3d3       100%        3
 Ozocubu's Armour         Ice            0%         N/A       100%        3
 Cause Fear               Hex            0%         N/A       100%        4
 Ice Form                 Ice/Tmut       0%         N/A       100%        4
 Dragon Form              Tmut           0%         N/A       100%        7
 Ozocubu's Refrigeration  Ice            0%         4d7       100%        7
 Summon Ice Beast         Ice/Summ       Unusable   N/A       N/A         4
 Summon Hydra             Summ           Unusable   N/A       N/A         7
 Dragon's Call            Summ           Unusable   N/A       N/A         9

Dungeon Overview and Level Annotations

Branches:
Dungeon (10/15)            Temple (1/1) D:7           Sewer (visited)
 Bailey (visited)
   Lair: D:8-11         Orc: D:9-12

Altars:
Ashenzari
Cheibriados
Dithmenos
Elyvilon
Fedhas
Gozag
Kikubaaqudgha
Makhleb
Nemelex Xobeh
Okawaru
Qazlal
Ru
Sif Muna
Trog
Uskayaw
Vehumet
Wu Jian
Xom
Yredelemnul
Zin
The Shining One

Shops:
D:3 ?   D:9 ?

Annotations:
D:8 3 runed translucent doors, bmj180's ghost, novice GrEE
D:9 Lodul


Innate Abilities, Weirdness & Mutations

You have a pair of horns on your head.
You reflexively headbutt those who attack you in melee.


Message History

You kill the ogre!
Okawaru accepts your kill.
Your Axes skill increases to level 14!
The ogre barely misses you.
Lodul the Thundrous comes into view.
He is wielding a +6 dire flail of protection.
There is an open door, spattered with blood here.
You see here a +0 giant spiked club.
You barely miss the ogre.
The ogre is lightly wounded.
Lodul shouts!
You hear a shout!
You block the ogre's attack.
You hit the ogre. You headbutt the ogre.
The ogre is heavily wounded.
You hit the ogre.
The ogre is severely wounded.
The ogre barely misses you.
You slash the ogre!
You kill the ogre!
Okawaru accepts your kill.
An ogre comes into view. It is wielding a +0 giant club.
Your Armour skill increases to level 11!
Things that are here:
a +0 giant spiked club; an ogre corpse Lodul hits you with a +6 dire flail of protection!!
* * * LOW HITPOINT WARNING * * *
There is a stone staircase leading up, spattered with blood here.
Lodul hits you with a +6 dire flail of protection.
* * * LOW HITPOINT WARNING * * *
You climb upwards.
There is a stone staircase leading down here.
You hit Lodul but do no damage. You completely miss Lodul.
Lodul hits you with a +6 dire flail of protection.
* * * LOW HITPOINT WARNING * * *
You slash Lodul! You headbutt Lodul.
Lodul is moderately wounded.
You slash Lodul! You headbutt Lodul, but do no damage.
Lodul is heavily wounded.
Lodul hits you with a +6 dire flail of protection!!
You die...

#########.#.#.##.# #.##.#
#.........#.#.##.# #.##..
##.########.#.##.####.##..
#.# #......#.#....##.. #.#
#.#.#..#.#.#####.. #.#
#.#....#.#.#...... #.#
#.#....#...#.####.
#.######...............+.
#.......@.....#####.####.
########O###.)......# #.
#.# #.######## #. #.# #.#
#. #.###.##### #.
#.........# #. #..(......#
## #.........# #
#.###'##### #


You could see Lodul.

Vanquished Creatures
  A death yak (D:9)
  An orc knight (Bailey)
  Pikel (D:4)
  A hornet (D:9)
  A wraith (D:9)
  31 yaks
  Eustachio (D:4)
  A steam dragon (D:8)
  Menkaure (D:4)
  Edmund (D:4)
  Duvessa (D:4)
  9 orc warriors
  6 ogres
  A centaur (D:7)
  A lemure (D:4)
  A phantom (D:6)
  2 bullfrogs
  3 kobold brigands
  A necrophage (D:8)
  4 scorpions
  A gnoll sergeant (D:8)
  4 wights (D:7)
  Dowan (D:4)
  9 killer bees
  5 orc priests
  5 hounds
  5 iguanas
  Crazy Yiuf (D:2)
  Terence (D:2)
  8 orc wizards
  Robin (D:2)
  4 gnolls (D:8)
  7 adders
  A river rat (Sewer)
  2 shadow imps (D:5)
  2 white imps
  4 worms
  3 dart slugs
  47 orcs
  2 endoplasms
  5 giant cockroaches
  19 goblins
  8 hobgoblins
  6 jackals
  4 quokkas
  6 ball pythons
  2 bats
  4 frilled lizards
  16 kobolds
  8 rats
260 creatures vanquished.

Vanquished Creatures (others)
  A bush (D:7)
  A plant (D:7)
2 creatures vanquished.

Grand Total: 262 creatures vanquished

Notes
Turn   | Place    | Note
-------+----------+-------------------------------------------
     0 | D:1      | funkygono the Minotaur Fighter began the quest for the Orb.
     0 | D:1      | Reached XP level 1. HP: 19/19 MP: 0/0
   326 | D:1      | Reached XP level 2. HP: 27/27 MP: 1/1
  1019 | D:2      | Reached XP level 3. HP: 33/33 MP: 2/2
  1048 | D:2      | Noticed Robin
  1059 | D:2      | Killed Robin
  1060 | D:2      | Reached skill level 3 in Axes
  1158 | D:2      | Reached XP level 4. HP: 40/40 MP: 3/3
  1320 | D:2      | Noticed Terence
  1324 | D:2      | Killed Terence
  1487 | D:2      | Found a runed translucent door.
  1488 | D:2      | Noticed Crazy Yiuf
  1554 | D:2      | Killed Crazy Yiuf
  1555 | D:2      | Reached skill level 4 in Axes
  1676 | D:3      | Found an ancient bone altar of Kikubaaqudgha.
  1821 | D:3      | Reached XP level 5. HP: 47/47 MP: 4/4
  1989 | D:3      | Found The Oracle's Delphic Readings.
  2115 | D:3      | Found a radiant altar of Vehumet.
  2247 | D:4      | Noticed an ogre
  2254 | D:4      | Killed an ogre
  2255 | D:4      | Reached skill level 5 in Axes
  2255 | D:4      | Reached skill level 1 in Dodging
  2411 | D:4      | Found a hide-covered altar of Uskayaw.
  2508 | D:4      | Noticed an ogre
  2515 | D:4      | Killed an ogre
  2516 | D:4      | Reached XP level 6. HP: 55/55 MP: 5/5
  2575 | D:4      | Noticed Edmund
  2590 | D:4      | Killed Edmund
  2591 | D:4      | Reached skill level 5 in Fighting
  2591 | D:4      | Reached skill level 6 in Axes
  2591 | D:4      | Reached skill level 5 in Armour
  2862 | D:4      | Noticed Dowan
  2863 | D:4      | Noticed Duvessa
  2872 | D:4      | Killed Duvessa
  2873 | D:4      | Reached skill level 5 in Shields
  2873 | D:4      | Reached XP level 7. HP: 12/61 MP: 6/6
  2894 | D:4      | HP: 3/61 [Dowan/+3 dagger of venom (6)]
  2895 | D:4      | HP: 1/61 [poisoned by Dowan]
  2895 | D:4      | Killed Dowan
  3112 | D:4      | Noticed Pikel
  3128 | D:4      | Killed Pikel
  3129 | D:4      | Reached skill level 7 in Axes
  3129 | D:4      | Reached XP level 8. HP: 56/70 MP: 7/7
  3389 | D:4      | Noticed Eustachio
  3403 | D:4      | Killed Eustachio
  3404 | D:4      | Reached skill level 8 in Axes
  3484 | D:4      | Noticed Menkaure
  3491 | D:4      | Killed Menkaure
  3691 | D:5      | Entered Level 5 of the Dungeon
  3710 | D:5      | Found a white marble altar of Elyvilon.
  4107 | D:5      | Reached skill level 9 in Axes
  4791 | D:6      | Identified the +2 flail of the Scavenger {antimagic, rCorr}
  4847 | D:6      | Reached XP level 9. HP: 41/78 MP: 8/8
  4853 | D:6      | Found a glowing drain.
  4867 | Sewer    | Entered a sewer
  5070 | Sewer    | Found a glowing silver altar of Zin.
  5175 | D:6      | Reached skill level 10 in Axes
  5418 | D:6      | Found a sacrificial altar of Ru.
  5583 | D:6      | Found a basalt altar of Yredelemnul.
  6282 | D:7      | Found a staircase to the Ecumenical Temple.
  6307 | D:7      | Reached skill level 11 in Axes
  6316 | D:7      | Reached skill level 1 in Stealth
  6470 | D:7      | Found an opulent altar of Gozag.
  6470 | D:7      | Found a glowing silver altar of Zin.
  6623 | D:7      | Found a blossoming altar of Fedhas.
  7047 | D:8      | Found a runed translucent gate.
  7048 | D:8      | Found a runed translucent gate.
  7054 | D:8      | Found a runed translucent gate.
  7055 | D:8      | Noticed bmj180's ghost (novice GrEE)
  7055 | D:8      | Noticed a kobold demonologist
  7269 | D:8      | Reached XP level 10. HP: 88/88 MP: 9/9
  7646 | D:8      | Reached skill level 12 in Axes
  7682 | D:8      | Found a broken altar of Ashenzari.
  7773 | Temple   | Entered the Ecumenical Temple
  7798 | Temple   | Became a worshipper of Warmaster Okawaru
  8750 | D:9      | Found a flagged portal.
  8762 | D:9      | Reached * piety under Okawaru
  8781 | Bailey   | Entered a bailey
  9491 | Bailey   | Noticed an orc knight
  9498 | Bailey   | Reached ** piety under Okawaru
  9517 | Bailey   | Killed an orc knight
  9518 | Bailey   | Reached skill level 10 in Armour
  9780 | Bailey   | Acquired a manual of Shields
  9896 | D:9      | Found Jithra's Magic Scroll Emporium.
  9915 | D:9      | Reached skill level 13 in Axes
 10235 | D:9      | Noticed a death yak
 10242 | D:9      | Reached XP level 11. HP: 97/97 MP: 10/10
 10253 | D:9      | Killed a death yak
 10254 | D:9      | Reached skill level 10 in Fighting
 10258 | D:9      | Reached *** piety under Okawaru
 10368 | D:9      | Identified the +4 trident "Focvups" {antimagic, Fly rElec
                  | rCorr Dex-5}
 10584 | D:10     | Entered Level 10 of the Dungeon
 10584 | D:10     | Found a shadowy altar of Dithmenos.
 10607 | D:10     | Reached skill level 14 in Axes
 10607 | D:10     | Noticed Lodul
 10620 | D:9      | Slain by Lodul

Illustrated notes

Levels and vault maps discovered:
D:1:      roderic_crossed_star, layout_loops_corners
D:2:      layout_rooms, minmay_misc_feat_secret_circle, minmay_misc_feat_tower,
          uniq_robin, uniq_crazy_yiuf_cottage, uniq_terence
D:3:      layout_loops_ring, mainiacjoe_overflow_catwalk,
          kiku_gazebo_pond_becter, nicolae_nh_oracle_at_delphi
D:4:      layout_basic, mainiacjoe_overflow_concentric_impassable, uniq_duvessa,
          uniq_edmund, uniq_eustachio, uniq_pikel, uniq_menkaure
D:5:      cheibrodos_iron_armory, layout_rooms, elyvilon_altar_3,
          minmay_misc_feat_enclosed, nicolae_underground_beach
D:6:      layout_basic, nicolae_ru_sacrificial_ziggurat, kennysheep_mini_moat,
          cheibrodos_sewer_entry_sluice
D:7:      layout_cave_pools, grunt_temple_overflow_gold_and_silver,
          fedhas_bush_and_centaur_altar, minmay_temple_entry_gardened_gates
D:8:      layout_loops_cross, lemuel_round_altar, gammafunk_ghost_nasty_kobolds,
          minmay_fountain_box
D:9:      argonaut_augean_stables, layout_basic, serial_shops, shop,
          enter_bailey_3
D:10:     layout_basic, mainiacjoe_overflow_tiny_flanked,
          mainiacjoe_overflow_alcove_1, serial_shops, shop, uniq_lodul
Temple:   compressed_dpeg_circular_temple

Skill      XL: |  1  2  3  4  5  6  7  8  9 10 11 |
---------------+----------------------------------+-----
Fighting       | 4 5 6 7 9 10 | 10.5
Shields        | 4 5 6 7 8 9 |  9.1
Armour         | 4 5 6 8 10 11 | 11.0
Axes           | 3 4 5 6 7 9 11 13 14 | 14.0
Dodging        | 1 3 |  3.7
Stealth        | 1 |  1.4
Throwing       | |  0.4
Invocations    | |  0.1

Action                     |  1- 3 |  4- 6 |  7- 9 | 10-12 || total
---------------------------+-------+-------+-------+-------++-------
  Melee: War axe           |    68 |    93 |   299 |   263 ||   723
         Headbutt          |    10 |    17 |    61 |    57 ||   145
  Throw: Boomerang         |       |       |       |     2 ||     2
         Dart              |       |       |       |     1 ||     1
 Invoke: Heroism           |       |       |       |     2 ||     2
    Use: Scroll            |       |    12 |     2 |     5 ||    19
         Potion            |       |       |     2 |     3 ||     5
 Armour: Scale mail        |    32 |    25 |       |       ||    57
         Chain mail        |       |    10 |   160 |       ||   170
         Plate armour      |       |       |    18 |   147 ||   165
  Dodge: Dodged            |    32 |    45 |   144 |   100 ||   321
  Block: Buckler           |    16 |    28 |    75 |    88 ||   207

Table legend: (Time is in decaauts)
 A = Elapsed time spent in this place.
 B = Non-inter-level travel time spent in this place.
 C = Inter-level travel time spent in this place.
 D = Time resting spent in this place.
 E = Time spent auto-exploring this place.
 F = Levels seen in this place.
 G = Mean time per level.
                   A        B        C        D        E       F      G
               +--------+--------+--------+--------+--------+-----+--------+
         Total |  10711 |  10064 |    647 |    376 |   7740 |  13 |  823.9 |
       Dungeon |   9313 |   8695 |    618 |    376 |   6622 |  10 |  931.3 |
        Temple |    128 |     99 |     29 |      0 |     87 |   1 |  128.0 |
         Sewer |    270 |    270 |      0 |      0 |    206 |   1 |  270.0 |
        Bailey |    999 |    999 |      0 |      0 |    824 |   1 |  999.0 |
               +--------+--------+--------+--------+--------+-----+--------+

Top non-repeatable levels by time:
     D:4: 1601 daAuts
     D:6: 1297 daAuts
     D:9: 1176 daAuts
     D:7: 1150 daAuts
  Bailey: 999 daAuts
     D:1: 919 daAuts
     D:8: 899 daAuts
     D:5: 873 daAuts
     D:2: 737 daAuts
     D:3: 631 daAuts
   Sewer: 270 daAuts
  Temple: 128 daAuts
    D:10: 27 daAuts
